 Dungeon Crawl Stone Soup version 0.28.0-53-g5a82cb258f (webtiles) character file.

Game seed: 5976662284941049823

59658 raph the Spear-Bearer (level 14, -2/127 HPs)
             Began as a Minotaur Gladiator on June 10, 2022.
             Was a High Priest of Zin.
             Killed from afar by a starcursed mass (6 damage)
             ... with an accursed screaming
             ... on level 2 of the Abyss.
             The game lasted 00:37:03 (26197 turns).

raph the Spear-Bearer (Minotaur Gladiator)         Turns: 26197, Time: 00:37:03

Health: -2/127     AC: 22    Str: 19    XL:     14   Next: 54%
Magic:  20/20      EV: 18    Int:  5    God:    Zin [*****.]
Gold:   1097       SH:  7    Dex: 17    Spells: 13/13 levels left

rFire   + . .      SeeInvis +   a - +7 trident (flame)
rCold   . . .      Faith    .   f - +2 buckler
rNeg    . . .      Spirit   .   F - +1 acid dragon scales
rPois   .          Reflect  .   c - +2 hat
rElec   .          Harm     .   r - +2 cloak {rF+}
rCorr   +          Rampage  .   q - +1 pair of gloves
Will    +....                   (no boots)
Stlth   +++.......              n - amulet of the acrobat
HPRegen 0.00/turn               y - ring of see invisible
MPRegen 0.17/turn               S - +4 ring of protection

@: about to teleport, on recite cooldown, sick, studying Short Blades
A: horns 2, retaliatory headbutt
a: Renounce Religion, Recite, Vitalisation, Imprison, Sanctuary, Donate Gold


You were on level 2 of the Abyss.
You worshipped Zin.
Zin was extremely pleased with you.
You visited 3 branches of the dungeon, and saw 19 of its levels.
You visited the Abyss 1 time.
You also visited: Ice Cave and Volcano.

You collected 1269 gold pieces.
You donated 172 gold pieces to Zin.

Inventory:

Hand Weapons
 a - a +7 trident of flaming (weapon)
 b - a +0 hand crossbow
 R - the +4 halberd "Ocu Qazi" {flame, Fly}
   (You found it on level 2 of the Lair of Beasts)

   It burns those it strikes, dealing additional fire damage.
   Big, fiery blades are also staple armaments of hydra-hunters.
   Fly:       It grants you flight.
Missiles
 d - 5 throwing nets
 i - 24 poisoned darts
 p - a javelin
 P - 3 silver boomerangs (quivered)
 Z - 21 bolts
Armour
 c - a +2 hat (worn)
 f - a +2 buckler (worn)
 q - a +1 pair of gloves (worn)
 r - a +2 cloak of fire resistance (worn)
 s - a +1 cloak of poison resistance
 t - a +2 chain mail of fire resistance
 F - +1 acid dragon scales (worn)
Jewellery
 l - a ring of willpower
 n - an amulet of the acrobat (around neck)
 y - a ring of see invisible (left hand)
 O - a ring of protection from fire
 S - a +4 ring of protection (right hand)
 U - an amulet of reflection
Wands
 z - a wand of mindburst (9)
 A - a wand of flame (26)
 D - a wand of iceblast (15)
 K - a wand of charming (3)
 L - a wand of digging (15)
 Q - a wand of acid (11)
Scrolls
 o - 4 scrolls of fog
 u - a scroll of silence
 w - 2 scrolls of teleportation
 x - a scroll of magic mapping
 B - 3 scrolls of amnesia
 C - 2 scrolls of blinking
 V - a scroll of enchant weapon
 X - 3 scrolls of identify
Potions
 e - 2 potions of attraction
 g - 6 potions of ambrosia
 h - 4 potions of mutation
 j - 10 potions of curing
 v - a potion of brilliance
 E - 3 potions of resistance
 J - 3 potions of magic
 M - a potion of berserk rage
 T - a potion of cancellation
 Y - 2 potions of flight
Miscellaneous
 k - a lightning rod (4/4)


   Skills:
 + Level 12.8 Fighting
 - Level 14.0 Polearms
 + Level 5.1 Crossbows
 - Level 2.0 Throwing
 - Level 12.6 Armour
 + Level 12.0 Dodging
 + Level 6.7 Stealth
 - Level 4.9 Shields
 + Level 10.5 Invocations
 - Level 4.0 Evocations


You had 13 spell levels left.
You didn't know any spells.
Your spell library contained the following spells:

 Spells                   Type           Power      Damage    Failure   Level
 Animate Skeleton         Necr           0%         N/A       63%         1
 Apportation              Tloc           0%         N/A       63%         1
 Summon Small Mammal      Summ           0%         N/A       63%         1
 Ensorcelled Hibernation  Hex/Ice        0%         N/A       77%         2
 Call Canine Familiar     Summ           0%         N/A       94%         3
 Frozen Ramparts          Ice            0%         1d2       94%         3
 Spider Form              Tmut/Pois      0%         N/A       94%         3
 Summon Guardian Golem    Hex/Summ       0%         N/A       94%         3
 Tukima's Dance           Hex            0%         N/A       94%         3
 Anguish                  Hex/Necr       0%         N/A       100%        4
 Ice Form                 Ice/Tmut       0%         N/A       100%        4
 Passage of Golubria      Tloc           0%         N/A       100%        4
 Summon Ice Beast         Ice/Summ       0%         N/A       100%        4
 Yara's Violent Unravell  Hex/Tmut       0%         3d3       100%        5
 Dispersal                Tloc           0%         N/A       100%        6
 Disjunction              Tloc           0%         N/A       100%        8
 Chain Lightning          Conj/Air       0%         N/A       100%        9
 Fire Storm               Conj/Fire      0%         5d1       100%        9
 Shatter                  Erth           0%         3d5*      100%        9


Dungeon Overview and Level Annotations

Branches:
Dungeon (11/15)            Temple (0/1) D:6            Lair (6/6) D:9
  Swamp (0/4) Lair:3       Spider (0/4) Lair:4        Slime (0/5) Lair:5
    Orc (2/2) D:9           IceCv (visited)         Volcano (visited)
    Elf: Orc:2

Altars:
Cheibriados
Dithmenos
Elyvilon
Fedhas
Nemelex Xobeh
Qazlal
Ru
Uskayaw
Vehumet
Xom
Zin
Beogh
Jiyva

Annotations:
D:9 2 transporters, diceflayer's ghost, novice MiFi
Lair:2 2 runed translucent doors, Asumiriw's ghost, journeyman MiFi
Lair:4 exclusion: 3 oklob plants
Lair:5 3 runed translucent doors, Riymurr's ghost, journeyman MfMo
Orc:2 Erolcha; Jorgrun


Innate Abilities, Weirdness & Mutations

You have a pair of horns on your head.
You reflexively headbutt those who attack you in melee.


Message History

You destroy the small abomination!
That felt strangely unrewarding.
The large abomination is limned with silver light.
The small abomination is limned with silver light.
The wretched star is smitten by the wrath of Zin.
The wretched star is lightly damaged.
You finish reciting Abominations 18:3.
The small abomination is seared!
The large abomination is seared!
You block the raiju's attack. The raiju bites you but does no damage.
The small abomination is seared!
The large abomination is seared!
A starcursed mass comes into view.
The raiju completely misses you.
An ancient zyme comes into view.
The small abomination is seared!
The large abomination is seared!
A starcursed mass splits.
A chorus of shrieks assaults your mind.
* * * LOW HITPOINT WARNING * * *
The wretched star pulses with an eldritch light!
Zin protects your body from mutation!
The large abomination completely misses you.
As you read the scroll of teleportation, it crumbles to dust.
You feel strangely unstable.
You feel the power of the Abyss delaying your translocation!
The small abomination is seared!
The large abomination is seared!
A starcursed mass splits.
The large abomination hits you!
* * * LOW HITPOINT WARNING * * *
A chorus of shrieks assaults your mind.
* * * LOW HITPOINT WARNING * * *
The small abomination is seared!
The large abomination is seared!
The large abomination completely misses you.
A chorus of shrieks assaults your mind.
* * * LOW HITPOINT WARNING * * *
Okay, then.
Activating: Sanctuary (16% risk of failure)
Press: ? - help, Dir - look around, f - activate You fail to use your ability.
The large abomination is seared!
The large abomination misses you.
You feel ill.
You block the large abomination's attack.
A chorus of shrieks assaults your mind.
You die...

# ##.# ####..† ##
.#. ###.###...†#
..#.
.....#.#..##.#...
. . ##... ## ... .
#.#.#.# ... .
....#.#h## #.###.#
#....*hh##..XX..#
....#..##X@.xX...#
#....## #X.#.#.#.#
÷.#.# ..#..## ##
#...##.# # #.#. ..
#.. . .## ..# .#
#. ## .. .


You could see 3 starcursed masses, a wretched star, an ancient zyme, 2 large
abominations and 3 raiju.

Vanquished Creatures
  6 hydras
  Harold (D:8)
  3 two-headed ogres
  A thrashing horror (Abyss:2)
  A sixfirhy (Abyss:2)
  A goliath frog (Lair:6)
  3 bog bodies (Lair:3)
  3 lindwurms
  An ugly thing (IceCv)
  A manticore (Lair:4)
  A worldbinder (Abyss:2)
  16 elephants
  A toenail golem (Volcano)
  9 black mambas
  2 gargoyles
  19 cane toads
  4 molten gargoyles (Volcano)
  A torpor snail (Lair:2)
  Maggie (D:8)
  An orange demon (Abyss:2)
  2 efreet (Volcano)
  3 rime drakes
  An unseen horror (D:10)
  2 ancient zymes (Abyss:2)
  6 komodo dragons
  A queen bee (Lair:5)
  2 hornets
  4 polar bears
  2 trolls
  4 meliai
  27 blink frogs
  3 tyrant leeches (Lair:6)
  4 raiju (Abyss:2)
  A meliai zombie (D:10)
  Sigmund (D:3)
  A wraith (D:8)
  A shadow (D:10)
  8 fire elementals (Volcano)
  7 wyverns
  49 yaks
  6 basilisks
  2 neqoxecs (Abyss:2)
  2 large abominations (Abyss:2)
  5 vampire mosquitoes
  A harpy simulacrum (IceCv)
  2 swamp worms (Lair:3)
  Edmund (D:6)
  An acid dragon (D:8)
  18 water moccasins
  3 ice beasts
  4 black bears
  4 orc warriors
  2 small abominations (Abyss:2)
  8 ogres
  9 wolves
  A centaur (D:8)
  A kobold brigand (D:7)
  2 gnoll sergeants
  15 bullfrogs
  An earth elemental (Volcano)
  5 scorpions
  60 killer bees
  9 wights
  2 electric eels
  3 howler monkeys
  3 centaur zombies
  A hound (D:5)
  A quasit (Abyss:2)
  2 bullfrog zombies
  6 orc priests
  A jelly (D:4)
  4 iguanas
  5 orc wizards
  A hell rat (Lair:4)
  A polar bear simulacrum (IceCv)
  2 wolf simulacra
  A killer bee zombie (D:8)
  11 adders
  16 gnolls
  2 white imps
  An adder skeleton (D:4)
  5 worms
  3 dart slugs
  35 orcs
  6 ball pythons
  12 endoplasms
  7 giant cockroaches
  12 goblins
  12 hobgoblins
  4 quokkas
  5 bats
  3 frilled lizards
  10 kobolds
  4 rats
548 creatures vanquished.

Vanquished Creatures (others)
  51 fungi
  129 plants
180 creatures vanquished.

Grand Total: 728 creatures vanquished

Notes
Turn   | Place    | Note
-------+----------+-------------------------------------------
     0 | D:1      | raph the Minotaur Gladiator began the quest for the Orb.
     0 | D:1      | Reached XP level 1. HP: 18/18 MP: 0/0
   160 | D:1      | Reached skill level 4 in Polearms
   335 | D:1      | Reached XP level 2. HP: 21/25 MP: 1/1
   484 | D:1      | Found a faded altar of an unknown god.
  1105 | D:2      | Reached skill level 5 in Polearms
  1105 | D:2      | Reached XP level 3. HP: 26/30 MP: 2/2
  1471 | D:2      | Reached skill level 6 in Polearms
  1471 | D:2      | Reached XP level 4. HP: 20/37 MP: 3/3
  2027 | D:3      | You fall into a shaft and drop 1 floor!
  2174 | D:3      | Reached XP level 5. HP: 42/42 MP: 4/4
  2184 | D:3      | Reached skill level 7 in Polearms
  2335 | D:3      | Found a white marble altar of Elyvilon.
  2339 | D:3      | Found a glowing silver altar of Zin.
  2384 | D:3      | Became a worshipper of Zin the Law-Giver
  2423 | D:3      | Found a snail-covered altar of Cheibriados.
  2424 | D:3      | Donated 46 gold pieces to Zin
  2527 | D:3      | Noticed Sigmund
  2546 | D:4      | Reached * piety under Zin
  2955 | D:4      | Reached skill level 8 in Polearms
  2977 | D:4      | Reached XP level 6. HP: 14/50 MP: 5/5
  3529 | D:5      | Entered Level 5 of the Dungeon
  3928 | D:5      | Reached skill level 9 in Polearms
  4285 | D:5      | Found a hide-covered altar of Uskayaw.
  4358 | D:5      | Reached XP level 7. HP: 46/56 MP: 6/6
  4783 | D:5      | Noticed a gargoyle
  4803 | D:6      | Killed a gargoyle
  4804 | D:6      | Reached skill level 11 in Polearms
  5508 | D:5      | Reached XP level 8. HP: 33/62 MP: 7/7
  5511 | D:5      | Reached skill level 1 in Armour
  5516 | D:5      | Reached skill level 1 in Shields
  5804 | D:5      | Found a radiant altar of Vehumet.
  5837 | D:5      | Found a shadowy altar of Dithmenos.
  6060 | D:5      | Reached skill level 1 in Invocations
  6662 | D:6      | Found the +7 staff of the Meek {protect, meekguard}
  6728 | D:6      | Found a staircase to the Ecumenical Temple.
  6740 | D:6      | Noticed Edmund
  6973 | D:6      | Killed Edmund
  7087 | D:6      | Reached XP level 9. HP: 71/71 MP: 9/9
  7563 | D:7      | Reached ** piety under Zin
  7700 | D:7      | Reached skill level 12 in Polearms
  7700 | D:7      | Reached skill level 5 in Armour
  8105 | D:7      | Found a sparkling altar of Nemelex Xobeh.
  8154 | D:7      | Noticed a troll
  8187 | D:7      | Killed a troll
  8188 | D:7      | Reached skill level 5 in Dodging
  8559 | D:8      | Noticed Maggie
  8580 | D:8      | Killed Maggie
  8581 | D:8      | Reached skill level 5 in Fighting
  8671 | D:8      | Found a stormy altar of Qazlal.
  9380 | D:8      | Noticed Harold
  9395 | D:8      | HP: 1/74 [Harold/+4 trident of flaming (9)]
  9395 | D:8      | Zin protects you from harm!
  9814 | D:8      | Reached XP level 10. HP: 68/81 MP: 11/11
 10707 | D:8      | Killed Harold
 11075 | D:3      | Killed Sigmund
 11429 | D:9      | Found a staircase to the Lair.
 11541 | D:9      | Reached skill level 5 in Invocations
 11567 | D:9      | Reached skill level 13 in Polearms
 11571 | D:9      | Reached *** piety under Zin
 11760 | D:9      | Found a transporter.
 11765 | D:9      | Noticed a seven-headed hydra
 11765 | D:9      | Noticed diceflayer's ghost (novice MiFi)
 11786 | D:9      | Noticed a moth of wrath
 12155 | D:9      | Found a staircase to the Orcish Mines.
 12290 | D:9      | Found a blossoming altar of Fedhas.
 12331 | D:9      | Found a transporter.
 12867 | D:10     | Entered Level 10 of the Dungeon
 12929 | D:10     | Reached XP level 11. HP: 79/92 MP: 12/14
 13033 | D:10     | Noticed a two-headed ogre
 13058 | D:10     | Killed a two-headed ogre
 13131 | D:10     | Found a sacrificial altar of Ru.
 13404 | D:10     | Noticed a two-headed ogre
 13419 | D:10     | Killed a two-headed ogre
 13420 | D:10     | Reached skill level 10 in Armour
 13480 | D:10     | Reached **** piety under Zin
 13526 | D:10     | Found a shimmering altar of Xom.
 13996 | Lair:1   | Entered Level 1 of the Lair of Beasts
 14602 | Lair:1   | Noticed an eight-headed hydra
 14609 | Lair:1   | Killed an eight-headed hydra
 15475 | Lair:2   | Reached XP level 12. HP: 103/103 MP: 16/16
 15567 | Lair:2   | Identified the +4 halberd "Ocu Qazi" {flame, Fly}
 15853 | Lair:2   | Reached skill level 14 in Polearms
 15976 | Lair:2   | Noticed an eight-headed hydra
 15984 | Lair:2   | Killed an eight-headed hydra
 16318 | Lair:2   | Found a large runed translucent door.
 16318 | Lair:2   | Found a large runed translucent door.
 16319 | Lair:2   | Noticed Asumiriw's ghost (journeyman MiFi)
 16584 | Lair:3   | Found a frozen archway.
 16593 | IceCv    | Entered an ice cave
 16906 | IceCv    | Found a transporter.
 16917 | IceCv    | Found a transporter.
 16919 | IceCv    | Reached ***** piety under Zin
 17629 | Lair:3   | Reached skill level 1 in Stealth
 17774 | Lair:3   | Noticed a six-headed hydra
 17783 | Lair:3   | Killed a six-headed hydra
 18045 | Lair:3   | Reached skill level 10 in Fighting
 18216 | Lair:3   | Found a staircase to the Swamp.
 18330 | Lair:4   | Found a dark tunnel.
 18350 | Volcano  | Entered a volcano
 18431 | Volcano  | Reached skill level 10 in Dodging
 18436 | Volcano  | Reached XP level 13. HP: 97/114 MP: 18/18
 19183 | Lair:4   | Reached ****** piety under Zin
 20214 | Lair:4   | Found a hole to the Spider Nest.
 20423 | Lair:4   | Reached skill level 5 in Stealth
 21012 | Lair:5   | Reached skill level 1 in Crossbows
 21026 | Lair:5   | Reached skill level 1 in Evocations
 21276 | Lair:5   | Found a runed translucent gate.
 21278 | Lair:5   | Found a runed translucent gate.
 21279 | Lair:5   | Found a runed translucent gate.
 21781 | Lair:5   | Found a viscous altar of Jiyva.
 21781 | Lair:5   | Found a staircase to the Slime Pits.
 22178 | Lair:5   | Noticed Riymurr's ghost (journeyman MfMo)
 22406 | Lair:6   | Entered Level 6 of the Lair of Beasts
 23229 | Lair:5   | Reached XP level 14. HP: 99/126 MP: 20/20
 23232 | Lair:5   | Reached skill level 10 in Invocations
 24487 | Lair:6   | Reached skill level 5 in Crossbows
 25049 | Orc:1    | Entered Level 1 of the Orcish Mines
 25412 | Orc:2    | Entered Level 2 of the Orcish Mines
 25413 | Orc:2    | Noticed Jorgrun
 25427 | Orc:2    | Noticed an orc warlord
 25437 | Orc:2    | Noticed Erolcha
 25741 | Orc:2    | Cast into level 2 of the Abyss (Erolcha)
 26193 | Abyss:2  | Noticed a starcursed mass
 26196 | Abyss:2  | HP: 4/127 [starcursed mass/accursed screaming (9)]
 26197 | Abyss:2  | Killed from afar by a starcursed mass

Illustrated notes

Levels and vault maps discovered:
D:1:      dpeg_arrival_rooms_a, layout_loops_ring,
          shapermc_ecumenical_altar_ellora, minmay_heptomino_o4
D:2:      layout_rooms
D:3:      layout_rooms, mainiacjoe_overflow_divided_tiny, lemuel_doored_altar,
          minmay_goblin_kobold_house, uniq_sigmund
D:4:      layout_rooms, minmay_ruptured
D:5:      corexii_shack_village, layout_basic, mainiacjoe_overflow_boulevard,
          mainiacjoe_overflow_swirl, nicolae_concentric_dashed_squares_wild,
          minmay_manual_macuahuitl
D:6:      layout_rooms, minmay_temple_entry_mist, pf_guarded_unrand_meek,
          uniq_edmund
D:7:      layout_loops_corners, nemelex_xobeh_ov_fountains_minmay,
          kennysheep_generic_room_9
D:8:      layout_basic, mainiacjoe_overflow_tiny_flanked,
          hangedman_abyss_or_decor_jellyfish_corner, uniq_harold, uniq_maggie
D:9:      layout_layer_cave, old_standard_altar, minmay_lair_entry_grove,
          gammafunk_ghost_berserking_beasts
D:10:     layout_basic, marbit_many_paths, nicolae_ru_the_path_less_chosen,
          grunt_ogre_cave
D:11:     layout_basic, minmay_fractal_squares_5, uniq_nergalle
Lair:1:   layout_cave_pods, minivault_19, serial_bayou_shore_b,
          infiniplex_staircase_pool_2, grunt_megastairs_1
Lair:2:   layout_misc_corridors, ebering_ghost_disaster_area
Lair:3:   cheibrodos_lair_river_kwai, layout_misc_corridors,
          nicolae_swamp_entry_splash_gauntlet,
          portal_ice_cave_entry_ice_simulacra
Lair:4:   regret_index_harrowing_hell_hive, layout_cave_pods,
          nicolae_spider_entry_non_spiders, nicolae_volcano_entry_lava_flow
Lair:5:   layout_concentric_octagons, slime_altar_1, gammafunk_ghost_icy,
          special_room [special_room_bee]
Lair:6:   minmay_lair_end_frog_pond, layout_loops_ring, serial_bayou_shore_b
Orc:1:    layout_diamond_mine, uniq_erica
Orc:2:    grunt_orc_tribal_feast, layout_diamond_mine, kennysheep_orc_chapel,
          uniq_erolcha, uniq_jorgrun, uniq_maurice
Abyss:2:  base:
Temple

Skill      XL: |  1  2  3  4  5  6  7  8  9 10 11 12 13 14 |
---------------+-------------------------------------------+-----
Polearms       | 4 5 6 8 9 11 12 13 14 | 14.0
Armour         | 4 7 9 11 12 | 12.6
Shields        | 3 4 |  4.9
Invocations    | 2 3 5 6 8 9 10 | 10.5
Fighting       | 4 5 7 8 10 12 | 12.8
Dodging        | 4 5 7 8 10 11 12 | 12.0
Stealth        | 3 5 6 |  6.7
Crossbows      | 3 5 |  5.1
Evocations     | 2 4 |  4.0
Throwing       | |  2.0

Action                   |  1- 3 |  4- 6 |  7- 9 | 10-12 | 13-15 || total
-------------------------+-------+-------+-------+-------+-------++-------
Melee: Trident           |    77 |   217 |   336 |   607 |   892 ||  2129
       Headbutt          |    10 |    25 |    69 |   117 |   174 ||   395
 Fire: Hand crossbow     |       |       |       |       |    42 ||    42
Throw: Dart              |       |     3 |     5 |    10 |       ||    18
       Throwing net      |       |       |     3 |       |       ||     3
       Javelin           |       |       |       |     2 |       ||     2
       Boomerang         |       |       |       |    14 |     2 ||    16
Invok: Donate Gold       |       |     1 |       |       |       ||     1
       Recite            |       |     2 |     4 |     6 |     8 ||    20
       Vitalisation      |       |       |       |     3 |     7 ||    10
       Sanctuary         |       |       |       |       |     1 ||     1
Evoke: Wand              |       |       |     2 |     4 |       ||     6
  Use: Scroll            |     4 |     6 |     9 |    13 |     7 ||    39
       Potion            |       |       |     2 |     1 |     6 ||     9
 Stab: Sleeping          |     1 |       |       |     5 |     5 ||    11
       Confused          |       |       |       |     1 |     1 ||     2
       Distracted        |       |       |       |       |     3 ||     3
       Paralysed         |       |       |       |       |     2 ||     2
Armor: Leather armour    |     7 |       |       |       |       ||     7
       Scale mail        |     4 |    34 |       |       |       ||    38
       Chain mail        |       |    49 |    12 |       |       ||    61
       Plate armour      |       |       |    89 |       |       ||    89
       Swamp dragon scal |       |       |    14 |       |       ||    14
       Acid dragon scale |       |       |       |   115 |   210 ||   325
Dodge: Dodged            |    20 |    80 |    87 |   242 |   562 ||   991
Block: Buckler           |     7 |    41 |    60 |   123 |   261 ||   492
